 Dungeon Crawl Stone Soup version 0.20.1-1-g8b1a95d (webtiles) character file.

133 vineage the Slasher (level 4, 0/51 HPs)
             Began as a Demonspawn Gladiator on Aug 28, 2017.
             Slain by vineage's ghost (4 damage)
             ... on level 3 of the Dungeon.
             The game lasted 00:03:03 (1695 turns).

vineage the Slasher (Demonspawn Gladiator)          Turns: 1695, Time: 00:03:04

Health: 0/51       AC: 10    Str: 21    XL:     4   Next: 94%
Magic:  0/4        EV: 14    Int:  9    God:
Gold:   170        SH:  0    Dex: 19    Spells: 3/3 levels left

rFire    . . .     SeeInvis .   a - +0 long sword
rCold    . . .     Gourm    .   (no shield)
rNeg     . . .     Faith    .   e - +0 chain mail
rPois    .         Spirit   +   c - +0 helmet
rElec    .         Reflect  .   l - +0 cloak
rCorr    .         Harm     .   (no gloves)
MR       .....                  (no boots)
Stlth    ..........             (no amulet)
Regen    0.2/turn               (no ring)
MPRegen  0.1/turn               (no ring)

@: agile, berserking, very quick
A: magic shield
a: no special abilities


You were on level 3 of the Dungeon.
You were hungry.

You visited 1 branch of the dungeon, and saw 3 of its levels.

You collected 170 gold pieces.

Inventory:

Hand Weapons
 a - a +0 long sword (weapon)
Missiles
 d - 3 throwing nets (quivered)
Armour
 b - a +0 leather armour
 c - a +0 helmet (worn)
 e - a +0 chain mail (worn)
 l - a +0 cloak (worn)
Jewellery
 m - a +2 ring of slaying {unknown}
 o - an uncursed ring of poison resistance {unknown}
Scrolls
 g - 2 scrolls of recharging {unknown}
 i - a scroll of identify {unknown}
 n - 3 scrolls of teleportation {unknown}
 q - a scroll of remove curse {unknown}
Potions
 k - a potion of brilliance {unknown}
 t - a potion of agility
 u - a potion of flight {unknown}
Comestibles
 f - 5 bread rations
 h - 4 meat rations
 r - a royal jelly


   Skills:
 + Level 2.7 Fighting
 + Level 3.9 Long Blades
 + Level 1.8 Throwing
 + Level 1.5 Armour
 + Level 3.3 Dodging


You had 3 spell levels left.
You didn't know any spells.

Dungeon Overview and Level Annotations

Branches:
Dungeon (3/15)

Altars:
The Shining One

Annotations:
D:3 vineage's ghost, amateur TrFi


Innate Abilities, Weirdness & Mutations

When hurt, damage is shared between your health and your magic reserves.


Message History

The goblin barely misses you.
Vineage's ghost hits you but does no damage.
You slash vineage's ghost!
Vineage's ghost is severely damaged.
Vineage's ghost hits you!
* * * LOW HITPOINT WARNING * * *
The goblin barely misses you.
You barely miss vineage's ghost.
Vineage's ghost is severely damaged.
You hit vineage's ghost but do no damage.
Vineage's ghost is severely damaged.
Vineage's ghost barely misses you.
You riposte.
You closely miss vineage's ghost.
Vineage's ghost is severely damaged.
The goblin hits you with an uncursed club.
* * * LOW HITPOINT WARNING * * *
You hit vineage's ghost.
Vineage's ghost is severely damaged.
Vineage's ghost hits you.
You die...

.#+#### #' .......
##'######.......
.....)..........
................
................
........gW......
........@)######
##'%..'##.....# #
#'...'##'###'## .#
##............###'#+
#..(................
#.#.................
#.########(.........
# .................
########(........


You could see vineage's ghost and a goblin.

Vanquished Creatures
  An orc priest (D:3)
  An orc wizard (D:3)
  A worm (D:3)
  A dart slug (D:2)
  A leopard gecko (D:1)
  8 orcs (D:3)
  A ball python (D:3)
  5 bats
  6 giant cockroaches
  6 hobgoblins (D:1)
  10 kobolds
  5 frilled lizards
  8 goblins
  6 rats
60 creatures vanquished.

Notes
Turn   | Place    | Note
-------+----------+-------------------------------------------
     0 | D:1      | vineage the Demonspawn Gladiator began the quest for the Orb.
     0 | D:1      | Reached XP level 1. HP: 16/16 MP: 1/1
   119 | D:1      | Gained mutation: When hurt, damage is shared between your health and your magic reserves. [demonic ancestry]
   119 | D:1      | Reached XP level 2. HP: 22/22 MP: 2/2
   481 | D:1      | Found a glowing golden altar of the Shining One.
   676 | D:1      | Reached XP level 3. HP: 28/28 MP: 3/3
  1246 | D:2      | Reached skill level 1 in Armour
  1341 | D:3      | Reached XP level 4. HP: 22/34 MP: 1/4
  1680 | D:3      | Noticed vineage's ghost (amateur TrFi)
  1695 | D:3      | Slain by vineage's ghost

Skill      XL: |  1  2  3 |
---------------+----------+-----
Dodging        | 3 |  3.3
Long Blades    | 3 |  3.9
Armour         | 1 |  1.5
Fighting       | |  2.7
Throwing       | |  1.8

Action                   |  1- 3 |  4- 6 || total
-------------------------+-------+-------++-------
Melee: Long sword        |   139 |    45 ||   184
  Use: Potion            |     1 |     4 ||     5
  Eat: Chunk             |     1 |     1 ||     2
Armor: Chain mail        |   104 |    17 ||   121
       Leather armour    |     3 |       ||     3
Dodge: Dodged            |    66 |    29 ||    95
       Rpst.: Long sword |    19 |    10 ||    29
